 Dungeon Crawl Stone Soup version 0.32-a0-791-gfc315c9ecd (webtiles) character file.

Game seed: 16825861978428768501

6605 javelincjr the Summoner (level 11, -6/48 HPs)
             Began as a Tengu Summoner on Mar 20, 2024.
             Was a Priest of Hepliaklqana.
             Killed from afar by an efreet (31 damage)
             ... with a bolt of fire
             ... on level 9 of the Dungeon.
             The game lasted 00:54:35 (8798 turns).

javelincjr the Summoner (Tengu Summoner)            Turns: 8798, Time: 00:54:35

Health: -6/48      AC:  8    Str: 10    XL:     11   Next: 2%
Magic:  1/24       EV: 22    Int: 19    God:    Hepliaklqana [***...]
Gold:   701        SH:  4    Dex: 14    Spells: 17/27 levels left

rFire   . . .        b - +8 sling (heavy)
rCold   . . .        S - +0 buckler
rNeg    . . .        P - +0 steam dragon scales
rPois   +            (helmet restricted)
rElec   .            c - +2 cloak
rCorr   .            (no gloves)
SInv    .            (boots unavailable)
Will    .....        (no amulet)
Stlth   +++          h - ring of poison resistance
HPRegen 0.28/turn    r - +5 ring of evasion
MPRegen 0.19/turn

%: acrobat
@: unable to call your familiar, flying, very slightly contaminated
A: reduced essence, beak, talons 3, evasive flight, acrobatic
a: Renounce Religion, Recall Ancestor, Ancestor Identity, Transference


You were on level 9 of the Dungeon.
You worshipped Hepliaklqana.
Hepliaklqana was most pleased with you.
You visited 2 branches of the dungeon, and saw 10 of its levels.
You also visited: Bailey.

You collected 701 gold pieces.

Inventory:

Hand Weapons
 a - a +4 spear of freezing
 b - a +8 heavy sling (weapon)
 L - a +3 short sword
 M - a +3 short sword
Missiles
 g - 2 throwing nets
 k - 5 atropa-tipped darts
 y - 14 poisoned darts
Armour
 c - a +2 cloak (worn)
 m - +0 acid dragon scales
 s - a +2 leather armour of fire resistance
 x - a scarf of invisibility
 K - a +0 cloak of willpower
 P - +0 steam dragon scales (worn)
 Q - a +1 robe of willpower
 S - a +0 buckler (worn)
Jewellery
 h - a ring of poison resistance (left hand)
 r - a +5 ring of evasion (right hand)
 z - a ring of protection from cold
 I - a ring of positive energy
Wands
 E - a wand of light (7)
 N - a wand of flame (13)
Scrolls
 d - a scroll of identify
 e - 2 scrolls of revelation
 p - 4 scrolls of immolation
 B - a scroll of fog
 C - a scroll of poison
 D - 3 scrolls of summoning
 F - a scroll of teleportation
 H - a scroll of blinking
 J - 2 scrolls of noise
Potions
 f - a potion of curing
 i - 3 potions of might
 j - 2 potions of cancellation
 l - a potion of mutation {unknown}
 n - 2 potions of haste
 o - a potion of experience {unknown}
 q - 3 potions of magic
 t - 3 potions of heal wounds
 u - 3 potions of brilliance
 w - 2 potions of enlightenment
 A - a potion of resistance {unknown}
 G - a potion of berserk rage {unknown}


   Skills:
 + Level 3.3 Polearms
 + Level 3.2 Ranged Weapons
 + Level 7.1 Dodging
 + Level 7.0 Stealth
 + Level 1.4 Shields
 * Level 8.5 Spellcasting
 * Level 11.6 Summonings
 + Level 2.6 Invocations


You had 17 spell levels left.
You knew the following spells:

 Your Spells              Type           Power      Damage    Failure   Level
a - Summon Small Mammal   Summ           100%       N/A       1%          1
b - Call Imp              Summ           100%       N/A       1%          2
c - Call Canine Familiar  Summ           51%        N/A       1%          3
d - Summon Lightning Spi  Summ/Air       30%        N/A       12%         4

Your spell library contained the following spells:

 Spells                   Type           Power      Damage    Failure   Level
 Summon Blazeheart Golem  Fire/Summ      30%        N/A       12%         4
 Freeze                   Ice            32%        1d5       13%         1
 Sting                    Conj/Alch      32%        1d5       13%         1
 Ensorcelled Hibernation  Hex/Ice        16%        N/A       19%         2
 Jinxbite                 Hex            16%        N/A       19%         2
 Mercury Vapours          Alch/Air       16%        N/A       19%         2
 Frozen Ramparts          Ice            16%        1d3       36%         3
 Fugue of the Fallen      Necr           8%         N/A       36%         3
 Hailstorm                Conj/Ice       8%         3d5       36%         3
 Tukima's Dance           Hex            8%         N/A       36%         3
 Anguish                  Hex/Necr       4%         N/A       77%         4
 Cause Fear               Hex            4%         N/A       77%         4
 Dimensional Bullseye     Hex/Tloc       4%         N/A       77%         4
 Iskenderun's Mystic Bla  Conj/Tloc      8%         2d4       77%         4
 Olgreb's Toxic Radiance  Alch           8%         N/A       77%         4
 Fireball                 Conj/Fire      4%         3d4       98%         5
 Yara's Violent Unravell  Hex/Alch       4%         3d4       98%         5
 Enfeeble                 Hex            4%         N/A       100%        7
 Dragon's Call            Summ           25%        N/A       100%        9


Dungeon Overview and Level Annotations

Branches:
Dungeon (9/15)             Temple (1/1) D:4          Bailey (visited)
   Lair: D:8-11         Orc: D:9-12

Altars:
Ashenzari
Cheibriados
Dithmenos
Elyvilon
Fedhas
Gozag
Hepliaklqana
Kikubaaqudgha
Makhleb
Nemelex Xobeh
Okawaru
Qazlal
Ru
Sif Muna
Trog
Uskayaw
Vehumet
Wu Jian
Xom
Yredelemnul
Zin
The Shining One

Shops:
D:8 (


Innate Abilities, Weirdness & Mutations

Your life essence is reduced to manifest your ancestor. (-10% HP)
You have a beak for a mouth.
You have claws for feet.
Your magical flight helps you evade attacks. (EV +4)
You can magically evade attacks while moving or waiting.


Message History

The efreet closely misses your inugami.
Your inugami hits the efreet. x2
Casting: Call Canine Familiar (safe; 1% risk of failure)
Confirm with . or Enter, or press ? or * to list all spells.
You imbue your familiar with magical energy and its fangs glint viciously.
The efreet barely misses your inugami.
Your inugami barely misses the efreet.
Your inugami hits the efreet.
Casting: Call Canine Familiar (safe; 1% risk of failure)
Confirm with . or Enter, or press ? or * to list all spells.
A tiny devil pulls itself out of the air.
The efreet barely misses your inugami.
Your inugami hits the efreet. The efreet gestures at your inugami.
The bolt of fire hits your inugami!!
Your inugami dies!
Your inugami disappears in a puff of smoke!
Your lightning spire shoots out a bolt of lightning at the efreet!
The bolt of electricity hits the efreet.
A fireball appears from out of your range of vision.
The fireball explodes!
The fireball engulfs your lightning spire.
Your lightning spire resists.
You hear a shout!
Your lightning spire disappears in a puff of smoke!
Casting: Call Imp (safe; 1% risk of failure)
Confirm with . or Enter, or press ? or * to list all spells.
You miscast Summon Lightning Spire.
You are very lightly contaminated with residual magic.
Nothing appears to happen.
The efreet gestures at you. The bolt of fire misses you.
Casting: Summon Lightning Spire (quite dangerous; 12% risk of failure)
Confirm with . or Enter, or press ? or * to list all spells.
An electric hum fills the air.
The efreet gestures at you.
The bolt of fire hits your cerulean imp!!
Your cerulean imp dies!
Your cerulean imp disappears in a puff of smoke!
The bolt of fire hits you!!
Ouch! That really hurt!
You die...
Hepliaklqana delivers you to your ancestors.

.##..................##.....####
.#...................###...##
............[.......###....#
##..........#........#...###
##.......#####........#.##### #
....<..#.###.......#.##..# ....
.........I.............###
#.#........R.§.....##.......#.##
.# .....R§###.@..####........##
. .....(. ##...# #...##.##... .
# .....#. #...####.....##... .
.....#. #...†...##.####... ....
## ####.....#.###..## ....
##......#.#.## #..##.).....#
#....##.##..# .....#######.##


You could see an efreet (ally target) and a friendly lightning spire (summoned).

Vanquished Creatures
  A steam dragon (D:8)
  An acid dragon (D:9)
  2 orc warriors (Bailey)
  A phantom (D:4)
  2 kobold brigands (D:9)
  3 bullfrogs
  2 scorpions (D:5)
  2 wights
  6 killer bees
  An electric eel (D:9)
  3 howler monkeys
  A bombardier beetle (D:5)
  A hound (D:5)
  2 jellies
  A hexer (D:8)
  2 iguanas (D:5)
  3 gnolls
  6 adders
  A shadow imp (D:6)
  2 white imps
  9 orcs
  5 bats
  2 endoplasms (D:2)
  A giant cockroach (D:4)
  3 goblins
  A hobgoblin (D:2)
  2 jackals (D:4)
  4 kobolds
  A quokka (D:4)
  5 ball pythons
  A frilled lizard (D:2)
  4 rats
81 creatures vanquished.

Vanquished Creatures (collateral kills)
  An orc knight (Bailey)
  A deep elf zephyrmancer (Bailey)
  A cyclops (D:9)
  A slime creature (D:9)
  A wraith (D:9)
  A yak (D:8)
  2 water moccasins (D:7)
  6 orc warriors
  An ice beast (D:8)
  4 ogres
  2 centaurs
  A phantom (D:7)
  3 bullfrogs
  A gnoll sergeant (D:8)
  2 scorpions
  16 wights
  A killer bee (D:5)
  A howler monkey (D:8)
  A bombardier beetle (D:4)
  A gnoll bouda (D:7)
  An orc priest (D:3)
  Crazy Yiuf (D:7)
  3 hounds (D:6)
  2 iguanas
  5 orc wizards (D:8)
  4 adders
  3 gnolls
  A white imp (D:5)
  2 ufetubi (D:7)
  3 ribbon worms
  19 orcs
  3 endoplasms
  12 goblins
  4 hobgoblins
  3 jackals (D:4)
  3 ball pythons
  2 bats
  3 frilled lizards
  2 kobolds
  A rat (D:1)
125 creatures vanquished.

Vanquished Creatures (others)
  An arcanist (D:7)
  2 hexers
  7 ancestors
10 creatures vanquished.

Grand Total: 216 creatures vanquished

Notes
Turn   | Place    | Note
-------+----------+-------------------------------------------
     0 | D:1      | javelincjr the Tengu Summoner began the quest for the Orb.
     0 | D:1      | Reached XP level 1. HP: 10/10 MP: 4/4
   376 | D:1      | Reached skill level 5 in Summonings
   398 | D:1      | Reached XP level 2. HP: 15/15 MP: 6/6
  1116 | D:2      | Reached XP level 3. HP: 19/19 MP: 5/7
  1176 | D:2      | Found an opulent altar of Gozag.
  1202 | D:2      | Learned a level 2 spell: Call Imp
  1206 | D:2      | Learned a level 3 spell: Call Canine Familiar
  1741 | D:3      | Found a shadowy altar of Dithmenos.
  1832 | D:3      | Reached XP level 4. HP: 14/24 MP: 3/9
  2219 | D:3      | Reached XP level 5. HP: 28/28 MP: 10/10
  2674 | D:4      | Reached skill level 6 in Summonings
  2763 | D:4      | Found a staircase to the Ecumenical Temple.
  2780 | Temple   | Entered the Ecumenical Temple
  2802 | Temple   | Became a worshipper of Hepliaklqana the Forgotten
  2922 | D:4      | Noticed a phantom
  2936 | D:4      | Killed a phantom
  2937 | D:4      | Reached XP level 6. HP: 32/32 MP: 8/12
  3068 | D:4      | Found a radiant altar of Vehumet.
  3192 | D:4      | Gained mutation: Your magical flight helps you evade
                  | attacks. (EV +4) [Tengu growth]
  3192 | D:4      | Reached XP level 7. HP: 36/36 MP: 5/14
  3534 | D:4      | Reached * piety under Hepliaklqana
  3626 | D:4      | Reached skill level 7 in Summonings
  3864 | D:5      | Entered Level 5 of the Dungeon
  4019 | D:5      | Found an ancient bone altar of Kikubaaqudgha.
  4154 | D:5      | Reached skill level 5 in Spellcasting
  4196 | D:5      | Reached XP level 8. HP: 36/36 MP: 10/16
  4285 | D:5      | Reached skill level 8 in Summonings
  4559 | D:5      | Found an iron altar of Okawaru.
  5158 | D:5      | Found a blossoming altar of Fedhas.
  5162 | D:5      | Found a shimmering altar of Xom.
  5239 | D:6      | Reached skill level 5 in Dodging
  5617 | D:7      | Reached skill level 5 in Stealth
  5617 | D:7      | Reached skill level 9 in Summonings
  5651 | D:7      | Reached XP level 9. HP: 40/40 MP: 9/19
  6142 | D:7      | Reached ** piety under Hepliaklqana
  6143 | D:7      | Remembered your ancestor Zuocyrph as a hexer
  6344 | D:7      | Reached skill level 10 in Summonings
  6578 | D:7      | Found a bloodstained altar of Trog.
  6580 | D:7      | Noticed a wizard
  6587 | D:7      | Killed a wizard
  7124 | D:7      | Found a runed translucent door.
  7125 | D:7      | Noticed Crazy Yiuf
  7133 | D:7      | Killed Crazy Yiuf
  7396 | D:8      | Found Liaromuro's Antique Weapon Shoppe.
  7412 | D:8      | Found a flagged portal.
  7427 | Bailey   | Entered a bailey
  7459 | Bailey   | Reached skill level 1 in Polearms
  7459 | Bailey   | Reached skill level 1 in Ranged Weapons
  7495 | Bailey   | Reached XP level 10. HP: 24/45 MP: 22/22
  7532 | Bailey   | Reached skill level 1 in Invocations
  7602 | Bailey   | Noticed an orc knight
  7610 | Bailey   | Killed an orc knight
  7645 | Bailey   | Found a large runed translucent door.
  7645 | Bailey   | Found a large runed translucent door.
  7646 | Bailey   | Noticed a deep elf zephyrmancer
  7716 | Bailey   | Killed a deep elf zephyrmancer
  7717 | Bailey   | Reached skill level 11 in Summonings
  8074 | D:8      | Found a white marble altar of Elyvilon.
  8080 | D:8      | Found a glowing golden altar of the Shining One.
  8080 | D:8      | Found a snail-covered altar of Cheibriados.
  8610 | D:9      | Learned a level 4 spell: Summon Lightning Spire
  8617 | D:9      | Reached *** piety under Hepliaklqana
  8722 | D:9      | Reached skill level 1 in Shields
  8777 | D:9      | Noticed a cyclops
  8787 | D:9      | Killed a cyclops
  8788 | D:9      | Reached XP level 11. HP: 48/48 MP: 15/24
  8798 | D:9      | Killed from afar by an efreet

Illustrated notes

Levels and vault maps discovered:
D:1:      mainiacjoe_arrival_reflecting_pool, layout_loops_ring, serial_bayou,
          serial_bayou_lake_a, serial_bayou_pond_e, serial_bayou_lagoon_a,
          serial_bayou_ford_a, nicolae_concentric_dashed_squares_wild,
          kennysheep_small_spiral, minmay_tetromino_l2
D:2:      layout_basic, basic_altar, kennysheep_generic_room_7
D:3:      layout_loops_cross, grunt_dithmenos_smoke_and_mirrors
D:4:      layout_gridville, general_overflow_altar,
          minmay_temple_entry_gardened_gates, minmay_cupped
D:5:      layout_basic, nicolae_kikubaaqudgha_miasma_corner,
          nicolae_overflow_hidden_temple
D:6:      layout_basic
D:7:      layout_layer_cave, trog_wizard, chequers_serial_rivers_small_b,
          uniq_crazy_yiuf_cottage
D:8:      layout_gridville, chequers_temple_overflow_statue_of_worship,
          enter_bailey_5, serial_shops, nicolae_diamond_shop,
          grunt_decor_resistance, hangedman_glass_teeth, billiards_dpeg
D:9:      layout_cave_pools, nicolae_water_bricks, minmay_bent
Temple:   minmay_temple_forest_path

Skill      XL: |  1  2  3  4  5  6  7  8  9 10 |
---------------+-------------------------------+-----
Summonings     | 5 6 7 9 10 11 | 11.6
Spellcasting   | 3 4 5 6 7 8 |  8.5
Dodging        | 3 4 5 6 7 |  7.1
Stealth        | 3 4 5 6 7 |  7.0
Polearms       | 1 3 |  3.3
Ranged Weapons | 1 3 |  3.2
Invocations    | 2 |  2.6
Shields        | 1 |  1.4

Action                     |  1- 3 |  4- 6 |  7- 9 | 10-12 || total
---------------------------+-------+-------+-------+-------++-------
  Melee: Unarmed           |     4 |       |       |       ||     4
         Kick              |    19 |     7 |     2 |       ||    28
         Peck              |    13 |     5 |     1 |       ||    19
         Dagger            |    10 |       |       |       ||    10
         Short sword       |    48 |    29 |       |       ||    77
         Spear             |       |       |    19 |       ||    19
   Fire: Sling             |       |     7 |   134 |   100 ||   241
   Cast: Summon Small Mamm |    36 |    18 |     5 |       ||    59
         Call Imp          |     3 |    12 |    39 |     9 ||    63
         Call Canine Famil |       |     8 |    34 |     7 ||    49
         Summon Lightning  |       |       |       |     3 ||     3
 Invoke: Recall Ancestor   |       |       |     4 |     1 ||     5
         Ancestor Life: He |       |       |     1 |       ||     1
    Use: Scroll            |       |     5 |    15 |     7 ||    27
   Stab: Sleeping          |     4 |     2 |       |       ||     6
         Distracted        |       |     1 |       |       ||     1
 Armour: Robe              |     7 |       |       |       ||     7
         Leather armour    |     5 |     7 |    38 |       ||    50
         Steam dragon scal |       |       |     5 |    19 ||    24
  Dodge: Dodged            |    33 |    27 |   148 |    52 ||   260
  Block: Buckler           |       |       |       |     4 ||     4

Table legend: (Time is in decaauts)
 A = Elapsed time spent in this place.
 B = Non-inter-level travel time spent in this place.
 C = Inter-level travel time spent in this place.
 D = Time resting spent in this place.
 E = Time spent auto-exploring this place.
 F = Levels seen in this place.
 G = Mean time per level.
                   A        B        C        D        E       F      G
               +--------+--------+--------+--------+--------+-----+--------+
         Total |   9119 |   8637 |    482 |     41 |   6306 |  11 |  829.0 |
       Dungeon |   8671 |   8225 |    446 |     41 |   6131 |   9 |  963.4 |
        Temple |     44 |      8 |     36 |      0 |      0 |   1 |   44.0 |
        Bailey |    402 |    402 |      0 |      0 |    175 |   1 |  402.0 |
               +--------+--------+--------+--------+--------+-----+--------+

Top non-repeatable levels by time:
     D:7: 1618 daAuts
     D:4: 1296 daAuts
     D:1: 1153 daAuts
     D:5: 1013 daAuts
     D:8: 1003 daAuts
     D:3: 871 daAuts
     D:6: 813 daAuts
     D:2: 581 daAuts
  Bailey: 402 daAuts
     D:9: 320 daAuts
  Temple: 44 daAuts
